 Dungeon Crawl Stone Soup version 0.22-a0-567-gff9aefc (webtiles) character file.

79205 tsouns the Eclecticist (level 15, -9/93 HPs)
             Began as a Deep Elf Ice Elementalist on June 27, 2018.
             Was the Champion of Vehumet.
             Shot with a bolt by a yaktaur captain (42 damage)
             ... on level 15 of the Dungeon on June 29, 2018.
             The game lasted 02:05:36 (27041 turns).

tsouns the Eclecticist (Deep Elf Ice Elementalist) Turns: 27041, Time: 02:05:36

Health: -9/93      AC:  8    Str:  9    XL:     15   Next: 20%
Magic:  1/36       EV: 19    Int: 34    God:    Vehumet [******]
Gold:   700        SH:  4    Dex: 10    Spells: 3/44 levels left

rFire    + . .     SeeInvis .   P - staff of cold
rCold    + + +     Gourm    .   y - +0 buckler
rNeg     + + .     Faith    .   G - +0 robe {rF+}
rPois    +         Spirit   .   V - +1 helmet "Rumisuri" {rN++}
rElec    +         Reflect  .   T - +0 cloak
rCorr    .         Harm     .   A - +0 pair of gloves
MR       +....                  H - +1 pair of boots of Least Resistance {rC+ Regen+ Int+7 Dex-5}
Stlth    +.........             r - amulet of the Air {Inacc +Fly rElec EV+5 RMsl}
HPRegen  0.65/turn              I - ring of wizardry
MPRegen  0.25/turn              L - ring "Dijurghu" {rPois rC++ EV-2 Str+4 Stlth-}

@: repel missiles
A: no striking features
a: Renounce Religion, Evoke Flight


You were on level 15 of the Dungeon.
You worshipped Vehumet.
Vehumet was exalted by your worship.
You were not hungry.

You visited 4 branches of the dungeon, and saw 24 of its levels.
You also visited: Sewer, Bailey and Ice Cave.

You collected 2698 gold pieces.
You spent 1998 gold pieces at shops.

Inventory:

Hand Weapons
 B - a +5 dagger of holy wrath
 Z - the +8 longbow "Zephyr" {speed, Dex+3 SInv}
   (You found it on level 6 of the Lair of Beasts)

   Attacks with this weapon are significantly faster.
   It affects your dexterity (+3).
   It lets you see invisible.
Missiles
 d - a throwing net (quivered)
 k - 631 stones
 W - 274 arrows
Armour
 y - a +0 buckler (worn)
 A - a +0 pair of gloves (worn)
 G - a +0 robe of fire resistance (worn)
 H - the +1 pair of boots of Least Resistance (worn) {rC+ Regen+ Int+7 Dex-5}
   (You acquired it on level 13 of the Dungeon)

   It affects your intelligence (+7).
   It affects your dexterity (-5).
   It protects you from cold.
   It increases your rate of regeneration.
 T - a +0 cloak (worn)
 V - the +1 helmet "Rumisuri" (worn) {rN++}
   (You bought it in a shop on level 2 of the Orcish Mines)

   It greatly protects you from negative energy.
Magical Staves
 P - an uncursed staff of cold (weapon)
Jewellery
 r - the amulet of the Air (around neck) {Inacc +Fly rElec EV+5 RMsl}
   (You bought it in a shop on level 2 of the Orcish Mines)

   [amulet of inaccuracy]

   It reduces the accuracy of all your attacks.
   It affects your evasion (+5).
   It insulates you from electricity.
   It lets you fly.
   It protects you from missiles.
 I - a ring of wizardry (left hand)
 L - the ring "Dijurghu" (right hand) {rPois rC++ EV-2 Str+4 Stlth-}
   (You found it on level 10 of the Dungeon)

   [ring of evasion]

   It affects your evasion (-2).
   It affects your strength (+4).
   It greatly protects you from cold.
   It protects you from poison.
   It makes you less stealthy.
Wands
 a - a wand of acid (7)
 D - a wand of enslavement (21)
 E - a wand of polymorph (9)
 F - a wand of scattershot (8)
 J - a wand of clouds (5)
 N - a wand of paralysis (44)
 O - a wand of iceblast (22)
Scrolls
 e - a scroll of identify
 g - 6 scrolls of teleportation
 h - 2 scrolls of blinking
 s - 10 scrolls of remove curse
 t - 2 scrolls of amnesia
 x - 4 scrolls of fear
 K - a scroll of fog
 Q - 2 scrolls of holy word
 X - a scroll of enchant weapon
 Y - 2 scrolls of magic mapping
Potions
 b - 4 potions of lignification
 f - 2 potions of agility
 i - 5 potions of heal wounds
 j - 2 potions of invisibility
 l - 3 potions of ambrosia
 m - 5 potions of flight
 n - 10 potions of curing
 p - 3 potions of might
 v - 2 potions of magic
 w - a potion of resistance
 z - a potion of berserk rage {unknown}
 C - 2 potions of haste
 R - 2 potions of mutation
 S - a potion of cancellation
Miscellaneous
 M - a box of beasts
Comestibles
 c - 51 rations


   Skills:
 - Level 10.9 Fighting
 - Level 1.4 Short Blades
 - Level 6.0 Staves
 - Level 10.0 Dodging
 + Level 4.4 Stealth
 - Level 4.1 Shields
 - Level 15.0 Spellcasting
 - Level 12.5 Conjurations
 - Level 2.3 Charms
 - Level 7.2 Summonings
 - Level 11.2 Ice Magic
 + Level 7.3 Evocations


You had 3 spell levels left.
You knew the following spells:

 Your Spells              Type           Power        Failure   Level  Hunger
a - Freeze                Ice            ####         0%          1    None
b - Spellforged Servitor  Conj/Summ      #######...   3%          7    ####...
d - Ozocubu's Armour      Chrm/Ice       #######.     1%          3    None
e - Throw Icicle          Conj/Ice       ########     1%          4    None
g - Bolt of Cold          Conj/Ice       ########..   1%          6    ##.....
h - Summon Mana Viper     Hex/Summ       ######..     4%          5    None
i - Ozocubu's Refrigerat  Ice            ########..   1%          6    ##.....
j - Poisonous Vapours     Pois/Air       ####..       1%          2    None
k - Summon Butterflies    Summ           ######..     1%          1    None
l - Freezing Cloud        Conj/Ice/Air   #######...   1%          6    ##.....

Your spell library contained the following spells:

 Spells                   Type           Power        Failure   Level  Hunger
 Magic Dart               Conj           ####         0%          1    None
 Conjure Flame            Conj/Fire      ######..     1%          3    None
 Confuse                  Hex            ####....     1%          3    None
 Throw Frost              Conj/Ice       ######       0%          2    None
 Mephitic Cloud           Conj/Pois/Air  ######..     1%          3    None
 Ring of Flames           Chrm/Fire      ####......   96%         7    ####...
 Summon Small Mammal      Summ           ####         1%          1    None
 Iskenderun's Mystic Bla  Conj           #######.     1%          4    None
 Animate Dead             Necr           N/A          6%          4    None
 Pain                     Necr           ####         1%          1    None
 Animate Skeleton         Necr           N/A          1%          1    None
 Vampiric Draining        Necr           ####......   1%          3    None
 Summon Ice Beast         Ice/Summ       #######.     1%          4    None
 Call Imp                 Summ           ######..     1%          2    None
 Regeneration             Chrm/Necr      ####......   1%          3    None
 Tukima's Dance           Hex            ####....     1%          3    None
 Statue Form              Tmut/Erth      ####.....    65%         6    ##.....
 Ice Form                 Ice/Tmut       #######.     1%          4    None
 Dragon Form              Tmut           ####......   99%         7    ####...
 Call Canine Familiar     Summ           ######..     1%          3    None
 Ensorcelled Hibernation  Hex/Ice        ######       1%          2    None
 Metabolic Englaciation   Hex/Ice        #######...   1%          5    None
 Corona                   Hex            ####...      1%          1    None
 Simulacrum               Ice/Necr       #######...   10%         6    ##.....
 Excruciating Wounds      Chrm/Necr      ####......   11%         5    None
 Summon Hydra             Summ           ######....   26%         7    ####...
 Shroud of Golubria       Chrm/Tloc      ####......   1%          2    None
 Iskenderun's Battlesphe  Conj/Chrm      ######..     1%          5    None
 Fulminant Prism          Conj/Hex       ######....   1%          4    None
 Dazzling Spray           Conj/Hex       ######       1%          3    None
 Force Lance              Conj/Tloc      ######..     1%          4    None
 Infusion                 Chrm           ####         1%          1    None
 Song of Slaying          Chrm           #####...     1%          2    None
 Spectral Weapon          Hex/Chrm       ####....     1%          3    None
 Searing Ray              Conj           ######       0%          2    None
 Summon Lightning Spire   Summ/Air       ######..     1%          4    None
 Summon Guardian Golem    Hex/Summ       ######..     1%          3    None
 Hydra Form               Tmut           ####......   65%         6    ##.....
 Irradiate                Conj/Tmut      ######....   1%          5    None


Dungeon Overview and Level Annotations

Branches:
Dungeon (15/15)            Temple (1/1) D:4            Lair (6/6) D:10
  Swamp (0/4) Lair:3       Spider (0/4) Lair:2        Slime (0/5) Lair:5
    Orc (2/2) D:12            Elf (0/3) Orc:2        Vaults (0/5) D:14
 Depths: D:15

Altars:
Ashenzari
Cheibriados
Dithmenos
Elyvilon
Fedhas
Gozag
Hepliaklqana
Kikubaaqudgha
Makhleb
Nemelex Xobeh
Okawaru
Qazlal
Ru
Sif Muna
Trog
Uskayaw
Vehumet
Wu Jian
Xom
Yredelemnul
Zin
The Shining One
Jiyva

Shops:
D:4 *   D:6 (   D:11 *   Orc:2 [*=[

Annotations:
D:3 Grinder
Lair:4 1 runed door, TheNamelessOne's ghost, journeyman DDMo


Message History

The hell knight is engulfed in freezing vapours.
The hell knight casts a spell at you.
The bolt of fire is repelled.
Unknown command.
Your spellforged servitor casts a spell at the hell knight.
The shard of ice hits the hell knight.
The hell knight dies!
Vehumet accepts your kill.
Unknown command.
Unknown command.
Unknown command.
You carefully extract the barbed spikes from your body.
Your spellforged servitor gestures at the wraith while chanting.
The bolt of cold hits the wraith.
The wraith resists.
The wraith is destroyed!
Vehumet accepts your kill.
The centaur warrior skeleton is engulfed in freezing vapours.
Unknown command.
The yaktaur captain shoots a bolt.
The bolt hits you!!!
You die...

#... ...
#...#####...
#....§§.....
#...........
#####..........#
.........§c§§..#
.......8.).§§..#
.......?@Z.....#
.......((........ .
.................#
..######.<.........#
....................
...............<....
..................?.
######..............
####..............


You could see a yaktaur captain, a centaur warrior skeleton and a friendly
spellforged servitor.

Vanquished Creatures
  A frost giant (IceCv)
  An ogre mage (D:14)
  3 hydras
  Erica (D:9)
  4 catoblepae
  2 centaur warriors
  3 two-headed ogres
  3 orc high priests (Orc:2)
  4 death yaks (Lair:6)
  A skeletal warrior (D:14)
  Pikel (D:8)
  An orb spider (Lair:2)
  7 orc knights
  A lindwurm (Lair:1)
  3 oklob plants
  4 ugly things (D:15)
  6 orc sorcerers
  4 manticores
  2 centaur zombies
  2 cyclopes
  An ice statue (IceCv)
  4 elephants (Lair:6)
  A gargoyle (D:14)
  2 black mambas (Lair:3)
  11 spiny frogs
  6 centaur skeletons
  3 rime drakes
  10 komodo dragons
  A redback zombie (D:14)
  2 yaktaurs
  A tengu conjurer (D:13)
  15 polar bears
  3 hornets
  Prince Ribbit (D:6)
  3 meliai (D:15)
  3 trolls
  13 blink frogs
  A tyrant leech (Lair:3)
  4 dream sheep (Lair:5)
  A centaur simulacrum (D:15)
  9 hippogriffs
  4 shadows
  2 wyverns
  A vampire (D:13)
  5 basilisks
  Eustachio (D:8)
  A steam dragon (D:9)
  3 hungry ghosts
  43 yaks
  4 vampire mosquitoes (D:14)
  A warg (Orc:1)
  A swamp worm (Lair:3)
  Edmund (D:6)
  2 acid dragons
  Duvessa (D:6)
  3 soldier ants
  9 water moccasins
  11 porcupines
  4 ice beasts
  27 orc warriors
  A black bear (D:7)
  3 phantoms
  A sky beast (D:10)
  9 ogres
  2 eyes of draining
  2 slaves (D:8)
  8 centaurs
  2 necrophages
  21 wolves
  13 crocodiles
  4 big kobolds
  17 bullfrogs
  A gnoll sergeant (D:5)
  A wyvern skeleton (D:14)
  5 killer bees (D:12)
  An oklob sapling (D:13)
  2 howler monkeys
  A wight (D:8)
  8 crimson imps
  2 bullfrog zombies
  5 jellies
  A quasit (D:5)
  17 orc priests
  4 hounds
  3 bullfrog skeletons
  21 orc wizards
  5 iguanas
  10 worker ants
  A worker ant zombie (D:5)
  A howler monkey skeleton (D:4)
  23 adders
  5 gnolls (D:5)
  3 shadow imps
  6 oozes
  3 adder zombies
  4 worms
  8 leopard geckos
  71 orcs
  8 bats
  7 giant cockroaches
  12 goblins
  5 hobgoblins
  16 jackals
  3 quokkas
  13 ball pythons
  3 frilled lizards
  A giant cockroach zombie (D:5)
  26 kobolds
  A quokka skeleton (D:7)
  13 rats
  A butterfly (Lair:3)
  5 fungi (Lair:5)
  9 plants
691 creatures vanquished.

Vanquished Creatures (collateral kills)
  Rupert (Orc:2)
  A hydra (Lair:2)
  2 death yaks
  Nergalle (Lair:3)
  A hell knight (D:15)
  A manticore (D:15)
  An elephant (Lair:3)
  A rime drake (Lair:4)
  A komodo dragon (Lair:4)
  5 polar bears
  A blink frog (Lair:2)
  A wraith (D:15)
  7 yaks (IceCv)
  A basilisk (D:10)
  2 water moccasins
  An orc warrior (D:6)
  An ice beast (D:8)
  2 phantoms (D:5)
  An ogre (Orc:2)
  2 wolves
  A crocodile (D:8)
  2 bullfrogs
  Blork the orc (D:6)
  Dowan (D:6)
  A wight (D:8)
  2 jackals (D:5)
  5 bushes (Lair:1)
47 creatures vanquished.

Vanquished Creatures (others)
  3 plants
3 creatures vanquished.

Grand Total: 741 creatures vanquished

Notes
Turn   | Place    | Note
-------+----------+-------------------------------------------
     0 | D:1      | tsouns the Deep Elf Ice Elementalist began the quest for the Orb.
     0 | D:1      | Reached XP level 1. HP: 10/10 MP: 6/6
     2 | D:1      | Found a runed door.
    83 | D:1      | Reached XP level 2. HP: 6/15 MP: 2/8
   325 | D:1      | Learned a level 2 spell: Throw Frost
   991 | D:1      | Reached XP level 3. HP: 14/19 MP: 3/10
   994 | D:1      | Reached skill level 4 in Spellcasting
  1783 | D:2      | Reached XP level 4. HP: 14/24 MP: 6/12
  2729 | D:3      | Reached skill level 5 in Spellcasting
  2761 | D:3      | Reached XP level 5. HP: 28/28 MP: 10/14
  2842 | D:3      | Noticed Grinder
  2949 | D:3      | Learned a level 4 spell: Summon Ice Beast
  3160 | D:3      | Found a faded altar of an unknown god.
  3224 | D:3      | Reached skill level 5 in Ice Magic
  3224 | D:3      | Reached XP level 6. HP: 20/32 MP: 13/16
  3756 | D:4      | Found a glowing drain.
  3765 | Sewer    | Entered a sewer
  3775 | Sewer    | Reached skill level 6 in Spellcasting
  4092 | D:4      | Learned a level 3 spell: Ozocubu's Armour
  4097 | D:4      | Learned a level 4 spell: Throw Icicle
  4169 | D:4      | Found Zeshoodgh's Assorted Antiques.
  4197 | D:4      | Bought a dented pearl amulet for 90 gold pieces
  4197 | D:4      | Bought a coral ring for 90 gold pieces
  4268 | D:4      | Noticed a hippogriff
  4276 | D:4      | Killed a hippogriff
  4276 | D:4      | Reached XP level 7. HP: 22/36 MP: 6/19
  4395 | D:4      | Found a staircase to the Ecumenical Temple.
  4405 | Temple   | Entered the Ecumenical Temple
  4563 | Temple   | Became a worshipper of Vehumet
  4929 | D:5      | Entered Level 5 of the Dungeon
  4966 | D:5      | Reached skill level 7 in Spellcasting
  5107 | D:5      | Reached skill level 1 in Charms
  5107 | D:5      | Reached skill level 1 in Summonings
  5237 | D:5      | Reached skill level 1 in Fighting
  5237 | D:5      | Reached skill level 1 in Short Blades
  5540 | D:5      | Reached XP level 8. HP: 43/43 MP: 16/20
  5544 | D:5      | Reached skill level 5 in Conjurations
  5550 | D:5      | Reached * piety under Vehumet
  5550 | D:5      | Offered knowledge of Flame Tongue by Vehumet.
  5838 | D:6      | Noticed Prince Ribbit
  5857 | D:6      | Noticed Dowan
  5858 | D:6      | Killed Prince Ribbit
  5859 | D:6      | Noticed Duvessa
  5932 | D:6      | Killed Dowan
  5964 | D:6      | Killed Duvessa
  6111 | D:6      | Found a shimmering altar of Xom.
  6114 | D:6      | Found a shimmering altar of Xom.
  6115 | D:6      | Found a shimmering altar of Xom.
  6116 | D:6      | Found a shimmering altar of Xom.
  6116 | D:6      | Found a shimmering altar of Xom.
  6118 | D:6      | Found a shimmering altar of Xom.
  6119 | D:6      | Found a shimmering altar of Xom.
  6122 | D:6      | You fall through a shaft for 3 floors!
  6258 | D:6      | Reached skill level 1 in Shields
  6382 | D:6      | Found Gosevix's Weapon Shop.
  6401 | D:6      | Noticed Blork the orc
  6469 | D:6      | Killed Blork the orc
  6469 | D:6      | Reached XP level 9. HP: 51/51 MP: 13/21
  6647 | D:6      | Noticed Edmund
  6660 | D:6      | Killed Edmund
  7069 | D:7      | Reached skill level 5 in Dodging
  7091 | D:7      | Offered knowledge of Throw Flame by Vehumet.
  7103 | D:7      | Reached ** piety under Vehumet
  7318 | D:7      | Found a glowing golden altar of the Shining One.
  7522 | D:8      | Noticed Eustachio
  7724 | D:8      | Noticed Pikel
  7777 | D:8      | Killed Pikel
  8090 | D:8      | Offered knowledge of Inner Flame by Vehumet.
  8090 | D:8      | Reached skill level 5 in Fighting
  8529 | D:8      | Killed Eustachio
  8529 | D:8      | Reached XP level 10. HP: 53/59 MP: 6/23
  8848 | D:8      | Reached *** piety under Vehumet
  9273 | D:9      | Noticed Erica
  9300 | D:9      | Killed Erica
  9300 | D:9      | Reached skill level 8 in Spellcasting
  9796 | D:10     | Entered Level 10 of the Dungeon
  9816 | D:10     | Offered knowledge of Conjure Flame by Vehumet.
  9821 | D:10     | Learned a level 3 spell: Conjure Flame
  9876 | D:10     | Got a brightly glowing turquoise ring
  9878 | D:10     | Identified the cursed ring "Dijurghu" {rPois rC++ EV-2 Str+4 Stlth-} (You found it on level 10 of the Dungeon)
 10087 | D:10     | Found a bloodstained altar of Trog.
 10373 | D:9      | Upgraded the game from 0.22-a0-558-gc224181 to 0.22-a0-565-gfc6459a
 10432 | D:10     | Reached skill level 9 in Spellcasting
 10588 | D:10     | Found a staircase to the Lair.
 11351 | Lair:1   | Entered Level 1 of the Lair of Beasts
 11351 | Lair:1   | Noticed an oklob plant
 11494 | Lair:1   | You fall through a shaft!
 11494 | Lair:2   | Noticed a spiny frog
 11503 | Lair:2   | Reached skill level 10 in Spellcasting
 11744 | Lair:2   | Noticed an eight-headed hydra
 11753 | Lair:2   | Reached XP level 11. HP: 66/66 MP: 21/27
 12043 | Lair:1   | Noticed a lindwurm
 12054 | Lair:1   | Killed a lindwurm
 12158 | Lair:1   | Upgraded the game from 0.22-a0-565-gfc6459a to 0.22-a0-567-gff9aefc
 12757 | Lair:1   | Killed an oklob plant
 13462 | Lair:2   | Reached **** piety under Vehumet
 13479 | Lair:2   | Killed an eight-headed hydra
 13479 | Lair:2   | Reached skill level 11 in Spellcasting
 13860 | Lair:2   | Noticed an orb spider
 13866 | Lair:2   | Killed an orb spider
 13867 | Lair:2   | Found a hole to the Spider Nest.
 14000 | Lair:3   | Found a staircase to the Swamp.
 14008 | Lair:3   | Reached skill level 1 in Evocations
 14255 | Lair:3   | Found a frozen archway.
 14307 | IceCv    | Entered an ice cave
 14338 | IceCv    | Offered knowledge of Olgreb's Toxic Radiance by Vehumet.
 14830 | IceCv    | Learned a level 4 spell: Animate Dead
 15090 | IceCv    | Reached XP level 12. HP: 75/75 MP: 15/29
 15249 | IceCv    | Learned a level 5 spell: Summon Mana Viper
 15517 | IceCv    | Noticed a death yak
 15549 | IceCv    | Killed a death yak
 15764 | IceCv    | Noticed a frost giant
 15786 | IceCv    | Killed a frost giant
 15786 | IceCv    | Reached ***** piety under Vehumet
 15786 | IceCv    | Reached skill level 5 in Summonings
 16056 | IceCv    | Got a slimy glass ring
 16065 | IceCv    | Got a blackened plate armour
 16067 | IceCv    | Identified the +1 plate armour of Demons {-Cast +Blink rPois Str+3} (You found it in an ice cave)
 16069 | IceCv    | Identified the ring "Xaydad" {*Tele rElec} (You found it in an ice cave)
 16327 | Lair:3   | Noticed Nergalle
 16338 | Lair:3   | Killed Nergalle
 16477 | Lair:3   | Offered knowledge of Lee's Rapid Deconstruction by Vehumet.
 16954 | Lair:4   | Reached skill level 12 in Spellcasting
 17231 | Lair:4   | Found a runed door.
 17433 | Lair:4   | Reached skill level 10 in Dodging
 17640 | Lair:4   | Noticed TheNamelessOne's ghost (journeyman DDMo)
 17709 | Lair:5   | Learned a level 6 spell: Ozocubu's Refrigeration
 17717 | Lair:5   | Learned a level 6 spell: Bolt of Cold
 17764 | Lair:5   | Reached skill level 10 in Conjurations
 17961 | Lair:5   | Noticed a six-headed hydra
 17965 | Lair:5   | Killed a six-headed hydra
 17965 | Lair:5   | Reached XP level 13. HP: 44/80 MP: 7/31
 18623 | Lair:5   | Found a viscous altar of Jiyva.
 18624 | Lair:5   | Found a staircase to the Slime Pits.
 19003 | Lair:5   | Reached skill level 13 in Spellcasting
 19072 | Lair:6   | Entered Level 6 of the Lair of Beasts
 20022 | Lair:6   | Offered knowledge of Yara's Violent Unravelling by Vehumet.
 20022 | Lair:6   | Reached skill level 10 in Fighting
 20222 | Lair:6   | Reached skill level 10 in Ice Magic
 20466 | Lair:6   | Reached skill level 14 in Spellcasting
 20521 | Lair:6   | Identified the Handbook of Creation and Augmentations
 20546 | Lair:6   | Found the +8 longbow "Zephyr" {speed, Dex+3 SInv}
 21157 | D:11     | Reached XP level 14. HP: 88/88 MP: 27/34
 21191 | D:11     | Found Fiut Guf's Assorted Antiques.
 21197 | D:11     | Bought a scroll labeled UVISME RIRPH for 30 gold pieces
 21197 | D:11     | Bought a murky pink potion for 27 gold pieces
 21197 | D:11     | Bought a scroll of identify for 60 gold pieces
 21197 | D:11     | Bought a cabochon ring for 150 gold pieces
 21206 | D:11     | Bought an encrusted emerald ring for 150 gold pieces
 21208 | D:11     | Bought a potion of invisibility for 240 gold pieces
 21293 | D:11     | Found a flagged portal.
 21301 | Bailey   | Entered a bailey
 22155 | D:12     | Got a scorched leather armour
 22166 | D:12     | Identified the cursed +0 leather armour of Ymieletigg {+Inv Str+3} (You found it on level 12 of the Dungeon)
 22199 | D:12     | Found a staircase to the Orcish Mines.
 22521 | D:12     | Learned a level 2 spell: Poisonous Vapours
 22539 | D:12     | Offered knowledge of Fireball by Vehumet.
 23679 | D:13     | Identified a scroll of acquirement
 23680 | D:13     | Got a pair of polished boots
 23693 | D:13     | Identified the +1 pair of boots of Least Resistance {rC+ Regen+ Int+7 Dex-5} (You acquired it on level 13 of the Dungeon)
 24251 | Orc:1    | Entered Level 1 of the Orcish Mines
 24421 | Orc:2    | Entered Level 2 of the Orcish Mines
 24428 | Orc:2    | Noticed Rupert
 24465 | Orc:2    | Killed Rupert
 24564 | Orc:2    | Offered knowledge of Bolt of Fire by Vehumet.
 24824 | Orc:2    | Found a staircase to the Elven Halls.
 24868 | Orc:2    | Reached skill level 15 in Spellcasting
 24904 | Orc:2    | Learned a level 1 spell: Summon Butterflies
 24911 | Orc:2    | Learned a level 6 spell: Freezing Cloud
 24925 | Orc:1    | Reached skill level 1 in Staves
 25223 | Orc:2    | Found Wiez's Antique Armour Shop.
 25223 | Orc:2    | Found Dawioz's Armour Shoppe.
 25288 | Orc:2    | Found Atamess's General Store.
 25288 | Orc:2    | Found Xosehich's Jewellery Shoppe.
 25308 | Orc:2    | Bought a brightly glowing robe for 165 gold pieces
 25318 | Orc:2    | Identified the cursed +1 robe of Time Monsters {rC+} (You bought it in a shop on level 2 of the Orcish Mines)
 25324 | Orc:2    | Bought the +1 helmet "Rumisuri" {rN++} for 378 gold pieces
 25351 | Orc:2    | Bought the amulet of the Air {Inacc +Fly rElec EV+5 RMsl} for 618 gold pieces
 25351 | Orc:2    | Found the amulet of the Air {Inacc +Fly rElec EV+5 RMsl}
 25751 | D:14     | Reached skill level 5 in Evocations
 26188 | D:14     | Found a hide-covered altar of Uskayaw.
 26339 | D:14     | Reached ****** piety under Vehumet
 26340 | D:14     | Offered knowledge of Spellforged Servitor by Vehumet.
 26497 | D:14     | Reached XP level 15. HP: 87/93 MP: 21/36
 26511 | D:14     | Learned a level 7 spell: Spellforged Servitor
 26557 | D:14     | Reached skill level 5 in Staves
 26844 | D:14     | Found a gate to the Vaults.
 26922 | D:15     | Entered Level 15 of the Dungeon
 27041 | D:15     | Shot with a bolt by a yaktaur captain

Vault maps used:
D:1:      dpeg_arrival_caged_fury
D:2:      first_ration
D:3:      chequers_ecumenical_altar_simple_redux, uniq_grinder
D:4:      temple_hall, serial_shops, shop, portal_sewer_entry_d
D:6:      xom_redecorated, serial_shops, nicolae_shop_trees,
          uniq_prince_ribbit1, uniq_edmund, uniq_blork_the_orc, uniq_duvessa
D:7:      basic_altar, minivault_27, minivault_19, minmay_unpleasant_kobolds
D:8:      sword_in_stone, uniq_pikel
D:9:      blue_anna_alchemist, uniq_erica
D:10:     erik_lair_dragon, trog_ov_bears_minmay
D:11:     enter_bailey_3, serial_shops, shop
D:12:     david_orc_2
D:13:     introduction_to_nature_1
D:14:     hangedman_vaults_entry_quadrant_bands, basic_altar,
          hangedman_decor_growths
D:15:     hangedman_depths_entry_civil_slaughter, minmay_misc_feat_ornament,
          uniq_roxanne
Temple:   roderic_octagonal_lattice_temple
Lair:1:   nicolae_volcano_entry_vermiform, serial_bayou_ford_a,
          minmay_lair_oklob_bushes, serial_bayou_pond_d, serial_bayou_pond_d
Lair:2:   nicolae_spider_entry_orb_guardian, lemuel_fruit_fields,
          lemuel_fruit_fields
Lair:3:   minmay_swamp_entry_worms, portal_ice_cave_entry_pillars_1,
          beast_lair_carwin_9, lemuel_fruit_tree, uniq_nergalle
Lair:4:   ebering_ghost_reflecting_pool, patterned_corridor, grunt_megastairs_2
Lair:5:   slime_altar_1, kennysheep_catoblepas_arena
Lair:6:   evilmike_catoblepas_cave, lab_entry_generic,
          grunt_forest_small_clearings
Orc:2:    grunt_orc_tribal_feast, uniq_rupert
Sewer:    sewer_co_15_rooms
Bailey:   bailey_polearm_4, bailey
IceCv:    ice_cave_caverns_01

Skill      XL: |  1  2  3  4  5  6  7  8  9 10 11 12 13 14 15 |
---------------+----------------------------------------------+-----
Spellcasting   | 4 5 6 7 10 11 12 14 15 | 15.0
Ice Magic      | 4 5 6 7 8 10 11 | 11.2
Conjurations   | 2 3 4 5 6 8 9 10 11 12 | 12.5
Charms         | 2 |  2.3
Summonings     | 1 3 7 |  7.2
Fighting       | 1 3 5 6 8 9 10 | 10.9
Short Blades   | 1 |  1.4
Dodging        | 4 6 8 10 | 10.0
Shields        | 1 4 |  4.1
Stealth        | 4 |  4.4
Evocations     | 2 6 7 |  7.3
Staves         | 4 6 |  6.0

Action                   |  1- 3 |  4- 6 |  7- 9 | 10-12 | 13-15 || total
-------------------------+-------+-------+-------+-------+-------++-------
Melee: Dagger            |     2 |    33 |   159 |    46 |       ||   240
       Short sword       |     9 |     1 |       |       |       ||    10
       Flail             |       |       |     5 |       |       ||     5
       Staff             |       |       |       |    17 |    87 ||   104
Throw: Tomahawk          |     3 |    10 |       |       |       ||    13
       Stone             |       |     7 |       |       |       ||     7
 Cast: Freeze            |    68 |   111 |   109 |   203 |    48 ||   539
       Throw Frost       |     3 |     7 |   103 |   212 |    97 ||   422
       Summon Ice Beast  |       |       |    27 |    28 |       ||    55
       Throw Icicle      |       |       |       |    64 |   296 ||   360
       Ozocubu's Armour  |       |       |       |     6 |     3 ||     9
       Conjure Flame     |       |       |       |    21 |     2 ||    23
       Animate Dead      |       |       |       |     8 |       ||     8
       Summon Mana Viper |       |       |       |    12 |     4 ||    16
       Ozocubu's Refrige |       |       |       |     4 |    54 ||    58
       Bolt of Cold      |       |       |       |     1 |    19 ||    20
       Spellforged Servi |       |       |       |       |     1 ||     1
Evoke: Wand              |       |       |       |     7 |     1 ||     8
       Box of beasts     |       |       |       |     1 |       ||     1
  Use: Scroll            |     2 |    11 |     6 |    12 |    14 ||    45
       Potion            |       |     1 |       |     5 |     3 ||     9
 Stab: Sleeping          |       |     9 |    11 |     2 |       ||    22
       Distracted        |       |       |     1 |     1 |     1 ||     3
  Eat: Chunk             |     2 |    17 |    16 |    27 |    40 ||   102
Armor: Robe              |    15 |     8 |    36 |    32 |    24 ||   115
       Acid dragon scale |       |       |       |     1 |       ||     1
Dodge: Dodged            |    34 |    72 |   128 |   173 |   108 ||   515
       Deflected         |       |       |       |       |    12 ||    12
Block: Buckler           |       |       |    32 |    68 |    45 ||   145

Table legend:
 A = Spawn XP
 B = Non-spawn XP
 C = Spawn XP percentage of total XP
 D = Spawn monster count
 E = Non-spawn monster count
 F = Spawn count percentage of total count
 G = Total turns spent on level
                    A         B        C        D         E        F      G
               +---------+---------+-------+---------+---------+-------+---------
         Total |       0 |  113151 |   0.0 |       0 |     716 |   0.0 | 27041
               +---------+---------+-------+---------+---------+-------+---------
           D:1 |       0 |      76 |   0.0 |       0 |      32 |   0.0 |  1291
           D:2 |       0 |      89 |   0.0 |       0 |      28 |   0.0 |  1470
           D:3 |       0 |     224 |   0.0 |       0 |      24 |   0.0 |   747
           D:4 |       0 |     392 |   0.0 |       0 |      10 |   0.0 |   822
           D:5 |       0 |     777 |   0.0 |       0 |      31 |   0.0 |   958
           D:6 |       0 |    1361 |   0.0 |       0 |      20 |   0.0 |   878
           D:7 |       0 |     735 |   0.0 |       0 |      20 |   0.0 |   551
           D:8 |       0 |    2156 |   0.0 |       0 |      33 |   0.0 |  1672
           D:9 |       0 |    1655 |   0.0 |       0 |      13 |   0.0 |  1001
          D:10 |       0 |    2356 |   0.0 |       0 |      18 |   0.0 |  1444
          D:11 |       0 |    1849 |   0.0 |       0 |      24 |   0.0 |   665
          D:12 |       0 |    5036 |   0.0 |       0 |      32 |   0.0 |   916
          D:13 |       0 |    7778 |   0.0 |       0 |      54 |   0.0 |  1416
          D:14 |       0 |   12407 |   0.0 |       0 |      56 |   0.0 |  1104
          D:15 |       0 |    5503 |   0.0 |       0 |      17 |   0.0 |   119
        Lair:1 |       0 |    1852 |   0.0 |       0 |       9 |   0.0 |  1575
        Lair:2 |       0 |    4513 |   0.0 |       0 |      19 |   0.0 |  1229
        Lair:3 |       0 |    3854 |   0.0 |       0 |      19 |   0.0 |   860
        Lair:4 |       0 |    2586 |   0.0 |       0 |      13 |   0.0 |  1130
        Lair:5 |       0 |   11688 |   0.0 |       0 |      36 |   0.0 |  1235
        Lair:6 |       0 |   18459 |   0.0 |       0 |      53 |   0.0 |  1647
         Orc:1 |       0 |    2686 |   0.0 |       0 |       9 |   0.0 |   520
         Orc:2 |       0 |   11379 |   0.0 |       0 |      54 |   0.0 |   819
         Sewer |       0 |     103 |   0.0 |       0 |      23 |   0.0 |   309
        Bailey |       0 |    2166 |   0.0 |       0 |      16 |   0.0 |   376
         IceCv |       0 |   11471 |   0.0 |       0 |      53 |   0.0 |  1997
               +---------+---------+-------+---------+---------+-------+---------
